 Seeded DCSS version 0.31-a0-4-gefa6de2 (webtiles) character file.

Game seed: 7160573962034295350 (custom seed)

61 Ayyar the Ducker (level 3, -6/14 (27) HPs)
             Began as a Vampire Reaver on May 3, 2023.
             Succumbed to Crazy Yiuf's poison
             ... on level 2 of the Dungeon.
             The game lasted 00:06:10 (1713 turns).

Ayyar the Ducker (Vampire Reaver)                   Turns: 1713, Time: 00:06:11

HP:   -6/14 (27)    AC:  6    Str: 13    XL:     3   Next: 83%
MP:   15/15         EV: 12    Int: 15    God:
Gold: 47            SH:  0    Dex: 12    Spells: 6/7 levels left

rFire   . . .        a - +0 mace
rCold   . . .        (no shield)
rNeg    . . .        b - +0 leather armour
rPois   .            (no helmet)
rElec   .            u - +1 cloak
rCorr   .            (no gloves)
SInv    +            o - +0 pair of boots
Will    .....        (no amulet)
Stlth   +            d - ring of magical power
HPRegen 0.42/turn    (no ring)
MPRegen 0.14/turn

%: no passive effects
@: lethally poisoned (-6 -> -30), healing quickly, very heavily drained
A: alive, fangs 3, see invisible, vampiric 2
a: Exsanguinate


You were on level 2 of the Dungeon.
You visited 1 branch of the dungeon, and saw 2 of its levels.

You collected 47 gold pieces.

Inventory:

Hand Weapons
 a - a +0 mace (weapon)
Missiles
 g - a throwing net
 h - 2 boomerangs
 s - 8 poisoned darts
Armour
 b - a +0 leather armour (worn)
 i - a +0 ring mail
 o - a +0 pair of boots (worn)
 u - a +1 cloak (worn)
Jewellery
 d - a ring of magical power (left hand)
Scrolls
 e - 2 scrolls of teleportation {unknown}
 f - a scroll of blinking {unknown}
 j - a scroll of identify {unknown}
 m - a scroll of immolation {unknown}
 n - 3 scrolls of fog
 q - a scroll of fear {unknown}
 t - a scroll of poison {unknown}
Potions
 c - a potion of heal wounds {unknown}
 k - 2 potions of curing {unknown}
 l - a potion of might {unknown}
 p - a potion of cancellation {unknown}
 r - a potion of mutation {unknown}
 v - a potion of invisibility {unknown}
 w - a potion of attraction {unknown}


   Skills:
 + Level 2.2 Fighting
 + Level 2.7 Maces & Flails
 + Level 2.8 Dodging
 + Level 2.5 Spellcasting
 + Level 2.5 Conjurations


You had 6 spell levels left.
You knew the following spells:

 Your Spells              Type           Power      Damage    Failure   Level
a - Kiss of Death         Conj/Necr      20%        2d7       16%         1

Your spell library contained the following spells:

 Spells                   Type           Power      Damage    Failure   Level
 Momentum Strike          Conj/Tloc      10%        3d8       24%         2
 Necrotise                Necr           4%         1d4       26%         1
 Hailstorm                Conj/Ice       5%         3d4       43%         3
 Vampiric Draining        Necr           1%         2d6       63%         3
 Agony                    Necr           1%         N/A       100%        5


Dungeon Overview and Level Annotations

Branches:
Dungeon (2/15)

Altars:

Annotations:
D:2 Crazy Yiuf


Innate Abilities, Weirdness & Mutations

Your natural rate of healing is accelerated.
You have razor-sharp teeth.
You have supernaturally acute eyesight. (SInv)
You are afflicted with vampirism and can become a bat while bloodless.


Message History

You start waiting.
Crazy Yiuf says, "Tosser sing-song hog!"
Crazy Yiuf grits, "Sif Muna!"
Crazy Yiuf says, "Papa blue illywillydillykilly!"
Crazy Yiuf yells, "Cards!"
Crazy Yiuf flaps his cloak.
Crazy Yiuf laughs, "Defame!
Fluff meccalolo cloud."
Crazy Yiuf yells, "Mountain!
Earwax shoe disdain."
Crazy Yiuf grits, "Liver!
Blight verde shoe."
Crazy Yiuf yells, "Walk!"
Crazy Yiuf cries, "You leg down broken song, no?"
Crazy Yiuf cries, "Seed infinity chair!"
Crazy Yiuf twirls on the spot.
Crazy Yiuf laughs, "Cake!
Lay blue illywillydillykilly."
Crazy Yiuf says, "Cake poople King!"
Crazy Yiuf screams, "Island high snail!"
Crazy Yiuf whimpers, "Iron Xom infinity!"
Crazy Yiuf yells, "Two!"
Crazy Yiuf yells, "Orb!"
Done waiting.
Crazy Yiuf screams, "Iron tired sing!"
You feel your magic capacity increase.
d - a ring of magical power (left hand)
You start resting.
Crazy Yiuf whimpers, "Candle!
Ice snail pontify."
Crazy Yiuf cries, "Citrus!
Nubble senile ragdoll."
Crazy Yiuf says, "Scoff return to song koolooloo!"
Crazy Yiuf whimpers, "Hack!"
Magic restored.
As you read the scroll labelled HOX IQELEHO, it crumbles to dust.
The scroll dissolves into smoke.
It was a scroll of fog.
You open the door. You hit Crazy Yiuf but do no damage.
Crazy Yiuf hits you with a +2 quarterstaff of chaos!
Ouch! That really hurt!
* * * LOW HITPOINT WARNING * * *
You are lethally poisoned!
You barely miss Crazy Yiuf.
Ouch! That really hurt!
You die...

..### #.# #.#### #. ..# #.# #.#
#. ..# #.# #.# #. ..# ### ### #.
..# #. ..# ###♣♣♣♣♣ #. ..#
##....♣.♣♣♣ ### ##
..#####......♣§§♣#...#
....##......♣♣♣♣@g...#
....##.....♣♣ ♣♣#..)#
).......##♣♣ ### #...##### ....#
##########
#.######################.........
.........<...##......#.##########
................#......#
.#######.###.#.........#


You could see Crazy Yiuf.

Vanquished Creatures
  Terence (D:2)
  A dart slug (D:1)
  2 ball pythons (D:1)
  6 endoplasms (D:1)
  2 goblins (D:2)
  3 hobgoblins (D:1)
  4 jackals (D:1)
  6 bats
  2 frilled lizards
  3 kobolds (D:1)
  3 rats (D:1)
33 creatures vanquished.

Notes
Turn   | Place    | Note
-------+----------+-------------------------------------------
     0 | D:1      | Ayyar the Vampire Reaver began the quest for the Orb.
     0 | D:1      | Reached XP level 1. HP: 16/16 MP: 3/3
   140 | D:1      | Reached XP level 2. HP: 20/22 MP: 5/5
   627 | D:1      | Gained mutation: You are afflicted with vampirism and can
                  | become a bat while bloodless. [Vampire growth]
   627 | D:1      | Reached XP level 3. HP: 21/27 MP: 6/6
  1113 | D:2      | Noticed Terence
  1128 | D:2      | Killed Terence
  1541 | D:2      | Found a runed translucent door.
  1542 | D:2      | Noticed Crazy Yiuf
  1713 | D:2      | Succumbed to Crazy Yiuf's poison

Illustrated notes

Levels and vault maps discovered:
D:1:      psy_arrival_radial02, layout_loops_ring
D:2:      wad_pebble_path, layout_loops_ring, uniq_terence,
          uniq_crazy_yiuf_cottage

Skill      XL: |  1  2 |
---------------+-------+-----
Fighting       | 2 |  2.2
Maces & Flails | |  2.7
Dodging        | |  2.8
Spellcasting   | |  2.5
Conjurations   | |  2.5

Action                     || total
---------------------------++-------
  Melee: Mace              ||    85
         Bite              ||     6
   Cast: Kiss of Death     ||     4
    Use: Scroll            ||     1
 Armour: Leather armour    ||    35
  Dodge: Dodged            ||    68

Table legend: (Time is in decaauts)
 A = Elapsed time spent in this place.
 B = Non-inter-level travel time spent in this place.
 C = Inter-level travel time spent in this place.
 D = Time resting spent in this place.
 E = Time spent auto-exploring this place.
 F = Levels seen in this place.
 G = Mean time per level.
                   A        B        C        D        E       F      G
               +--------+--------+--------+--------+--------+-----+--------+
         Total |   1734 |   1685 |     49 |    198 |   1093 |   2 |  867.0 |
       Dungeon |   1734 |   1685 |     49 |    198 |   1093 |   2 |  867.0 |
               +--------+--------+--------+--------+--------+-----+--------+

Top non-repeatable levels by time:
     D:1: 900 daAuts
     D:2: 834 daAuts
